 Dungeon Crawl Stone Soup version 0.26.1-11-gd32895ea62 (webtiles) character file.

Game seed: 10836453987082490304

2865 dtburroughs the Cleaver (level 9, -6/81 HPs)
             Began as a Minotaur Berserker on July 10, 2021.
             Was an Elder of Trog.
             Mangled by Pikel
             ... wielding a +2 whip of electrocution
              (15 damage)
             ... on level 7 of the Dungeon.
             The game lasted 00:15:17 (7262 turns).

dtburroughs the Cleaver (Minotaur Berserker)        Turns: 7262, Time: 00:15:18

Health: -6/81      AC: 16    Str: 22    XL:     9   Next: 47%
Magic:  8/8        EV:  9    Int:  7    God:    Trog [****..]
Gold:   327        SH:  0    Dex: 10    Spells: 8/8 levels left

rFire    . . .     SeeInvis .   K - +3 battleaxe
rCold    . . .     Faith    .   (shield currently unavailable)
rNeg     . . .     Spirit   .   d - +0 plate armour
rPois    .         Reflect  .   (helmet restricted)
rElec    .         Harm     .   b - +0 cloak
rCorr    .         Rampage  .   g - +0 pair of gloves
Will     ++...                  (no boots)
Stlth    ..........             (no amulet)
HPRegen  1.23/turn              o - ring of flight
MPRegen  0.11/turn              (no ring)

@: mighty, regenerating
A: retaliatory headbutt, horns 2
a: Renounce Religion, Evoke Flight, Berserk, Trog's Hand, Brothers in Arms


You were on level 7 of the Dungeon.
You worshipped Trog.
Trog was greatly pleased with you.
You visited 1 branch of the dungeon, and saw 7 of its levels.
You also visited: Sewer.

You collected 327 gold pieces.

Inventory:

Hand Weapons
 a - a +0 hand axe
 D - a +1 war axe
 K - a +3 battleaxe (weapon)
Armour
 b - a +0 cloak (worn)
 d - a +0 plate armour (worn)
 g - a +0 pair of gloves (worn)
 v - a cursed +0 scale mail
 F - a +2 ring mail of willpower
Jewellery
 o - a ring of flight (left hand)
 t - an uncursed amulet of magic regeneration
 A - an uncursed ring of willpower {unknown}
Wands
 j - a wand of random effects (40)
 y - a wand of flame (24)
 C - a wand of enslavement (6)
Scrolls
 e - 3 scrolls of magic mapping {unknown}
 f - 5 scrolls of identify
 k - 3 scrolls of remove curse
 l - a scroll of noise {unknown}
 n - 2 scrolls of enchant armour
 p - 3 scrolls of blinking {unknown}
 q - 2 scrolls of amnesia {unknown}
 s - 6 scrolls of teleportation
 u - 2 scrolls of fear
 w - a scroll of enchant weapon {unknown}
 E - 4 scrolls of fog {unknown}
 I - a scroll of random uselessness {unknown}
Potions
 c - a potion of cancellation {unknown}
 h - a potion of berserk rage {unknown}
 i - 2 potions of haste {unknown}
 m - a potion of mutation {unknown}
 r - a potion of invisibility {unknown}
 x - 4 potions of might
 z - a potion of degeneration {unknown}
 B - 5 potions of heal wounds {unknown}
 G - a potion of brilliance {unknown}
 H - a potion of curing


   Skills:
 + Level 7.9 Fighting
 + Level 8.1 Axes
 + Level 7.6 Armour
 + Level 6.9 Dodging
 + Level 4.7 Evocations


You had 8 spell levels left.
You didn't know any spells.
Your spell library was empty.

Dungeon Overview and Level Annotations

Branches:
Dungeon (7/15)             Temple (0/1) D:7           Sewer (visited)

Altars:
Ashenzari
Cheibriados
Elyvilon
Fedhas
Sif Muna
Xom

Annotations:
D:7 1 transporter, Pikel


Innate Abilities, Weirdness & Mutations

You reflexively headbutt those who attack you in melee.
You have a pair of horns on your head.


Message History

Pikel is severely wounded.
You hit the lemure but do no damage. The lemure hits you but does no damage.
Pikel hits you but does no damage. The lemure hits you.
* * * LOW HITPOINT WARNING * * *
Your skin crawls.
You feel strong-willed.
Pikel zaps a wand.
The bolt of acid misses you.
You miss Pikel.
Pikel is severely wounded.
You hit the lemure.
Pikel zaps a wand.
The bolt of acid hits you.
* * * LOW HITPOINT WARNING * * *
You are splashed with acid!
* * * LOW HITPOINT WARNING * * *
The lemure barely misses you.
It was a potion of might.
You feel very mighty all of a sudden. The lemure hits you.
* * * LOW HITPOINT WARNING * * *
Pikel hits you but does no damage.
You are electrocuted!
You die...

########5......
#......K5# #.#
#####.######## #.#
#........# #.#
#.###.##.# #.# #.#
#.##.## #.# #.#
#.....# #.# #.#
####K5# #.## #.#
##†@5#
...######.####....###
....................+
...########........##
#.##### #.###....#
(.....# #.# #....#
#.#.#.# #.# #....#
#.#.#.# #.# #.##.#
..#.#.#####.###.##.#


You could see Pikel and 2 lemures.

Vanquished Creatures
  Harold (D:7)
  An ice beast (D:6)
  An orc warrior (D:6)
  A phantom (D:5)
  An ogre (D:4)
  A centaur (D:5)
  A lemure (D:7)
  4 bullfrogs
  4 scorpions
  5 killer bees (D:7)
  5 wights (D:6)
  A quasit (D:5)
  2 hounds (D:5)
  2 jellies
  5 orc priests
  A centaur skeleton (D:4)
  3 iguanas
  7 worker ants
  A howler monkey zombie (D:7)
  12 river rats
  17 adders
  A shadow imp (D:5)
  2 white imps (D:5)
  An ufetubus (D:6)
  2 oozes (Sewer)
  2 adder skeletons (D:5)
  5 worms
  3 dart slugs
  4 leopard geckos
  8 orcs
  8 bats
  4 giant cockroaches
  9 goblins
  5 hobgoblins
  10 jackals
  5 quokkas
  11 ball pythons
  10 frilled lizards
  A jackal skeleton (D:4)
  9 kobolds
  A quokka zombie (D:5)
  34 rats
211 creatures vanquished.

Vanquished Creatures (collateral kills)
  A killer bee (D:7)
1 creature vanquished.

Grand Total: 212 creatures vanquished

Notes
Turn   | Place    | Note
-------+----------+-------------------------------------------
     0 | D:1      | dtburroughs the Minotaur Berserker began the quest for the
                  | Orb.
     0 | D:1      | Reached XP level 1. HP: 19/19 MP: 0/0
   515 | D:1      | Reached XP level 2. HP: 27/27 MP: 1/1
   869 | D:1      | Reached skill level 4 in Axes
  1214 | D:2      | Reached XP level 3. HP: 33/33 MP: 2/2
  1407 | D:2      | Reached ** piety under Trog
  1686 | D:3      | Reached XP level 4. HP: 27/40 MP: 3/3
  2471 | D:3      | Found a broken altar of Ashenzari.
  2563 | D:4      | Found a white marble altar of Elyvilon.
  2574 | D:4      | Reached XP level 5. HP: 44/47 MP: 4/4
  2649 | D:4      | Reached skill level 1 in Evocations
  2655 | D:4      | Reached skill level 5 in Axes
  2772 | D:4      | Reached skill level 5 in Fighting
  2772 | D:4      | Reached XP level 6. HP: 56/56 MP: 5/5
  3512 | D:4      | Found a shimmering blue altar of Sif Muna.
  3609 | D:5      | Entered Level 5 of the Dungeon
  3715 | D:5      | Reached XP level 7. HP: 50/61 MP: 6/6
  3903 | D:5      | Reached skill level 5 in Armour
  4017 | D:5      | Reached skill level 6 in Axes
  4215 | D:5      | Reached *** piety under Trog
  4222 | D:5      | Found a shimmering altar of Xom.
  4225 | D:5      | Found a shimmering altar of Xom.
  4312 | D:5      | Reached skill level 5 in Dodging
  4636 | D:6      | Reached XP level 8. HP: 42/66 MP: 7/7
  4899 | D:6      | Found a glowing drain.
  4919 | Sewer    | Entered a sewer
  5099 | Sewer    | Reached **** piety under Trog
  5414 | Sewer    | Reached skill level 7 in Axes
  6392 | D:7      | Found a snail-covered altar of Cheibriados.
  6392 | D:7      | Found a blossoming altar of Fedhas.
  6395 | D:7      | Noticed a four-headed hydra
  6496 | D:7      | Reached XP level 9. HP: 66/79 MP: 8/8
  6864 | D:7      | Noticed Harold
  6877 | D:7      | Killed Harold
  6889 | D:7      | Reached skill level 8 in Axes
  7118 | D:7      | Found a staircase to the Ecumenical Temple.
  7167 | D:7      | Found a transporter.
  7235 | D:7      | Noticed Pikel
  7262 | D:7      | Mangled by Pikel

Illustrated notes

Levels and vault maps discovered:
D:1:      minmay_arrival_doors, layout_loops_ring, minmay_split_cup_large
D:2:      layout_rooms
D:3:      layout_rooms, lemuel_round_altar
D:4:      layout_rooms, kennysheep_little_box, nicolae_overflow_crystal_walls
D:5:      kennysheep_spiral_hall, layout_basic, xom_redecorated, serial_glass,
          glass_columns_a, glass_columns_a, glass_columns_b, glass_columns_b,
          glass_columns_a, glass_columns_c, glass_columns_c, glass_columns_a,
          glass_columns_b, glass_columns_a, glass_columns_c, glass_columns_c,
          glass_columns_c, glass_columns_b
D:6:      layout_basic, lightli_sewer_entry_pipes
D:7:      layout_loops_corners, gammafunk_temple_overflow_arena,
          minmay_temple_entry_glass, lemuel_flame_loot_1, uniq_harold,
          uniq_pikel

Skill      XL: |  1  2  3  4  5  6  7  8  9 |
---------------+----------------------------+-----
Axes           | 4 5 6 7 8 |  8.1
Fighting       | 4 5 6 7 |  7.9
Armour         | 3 4 5 6 7 |  7.6
Dodging        | 3 4 5 6 |  6.9
Evocations     | 1 2 4 |  4.7

Action                   |  1- 3 |  4- 6 |  7- 9 || total
-------------------------+-------+-------+-------++-------
Melee: Hand axe          |   105 |   135 |   363 ||   603
       Headbutt          |    12 |    12 |    60 ||    84
       Battleaxe         |       |       |    44 ||    44
Invok: Trog's Hand       |       |     4 |     5 ||     9
       Brothers in Arms  |       |       |     1 ||     1
Evoke: Wand              |       |       |     5 ||     5
  Use: Scroll            |       |     6 |     1 ||     7
       Potion            |       |     1 |     1 ||     2
Armor: Animal skin       |     4 |       |       ||     4
       Plate armour      |    72 |   117 |   314 ||   503
Dodge: Dodged            |    52 |    69 |   189 ||   310
